[Event "ICC tourney 2148 (70 10)"]
[Site "Internet Chess Club"]
[Date "2020.11.22"]
[Round "4"]
[White "danamby"]
[Black "swathivjdp"]
[Result "1-0"]
[ICCResult "Black resigns"]
[WhiteElo "1037"]
[BlackElo "120"]
[Opening "KGA: Blachly gambit"]
[ECO "C37"]
[NIC "KG.01"]
[Time "12:38:59"]
[TimeControl "4200+10"]

1. e4 e5 2. f4 exf4 3. Nf3 g5 4. Bc4 Nc6 5. d4 g4 6. Ne5 Nxe5 7. dxe5 Qh4+
8. Kf1 Bc5 9. Qe1 Qxe1+ 10. Kxe1 d6 11. Bxf4 Be6 12. Bxe6 fxe6 13. Nc3 O-O-O
14. Ke2 Ne7 15. exd6 Bxd6 16. e5 Bb4 17. Bg5 Rd7 18. Rhf1 Nf5 19. Ne4 Nd4+
20. Kf2 Nxc2 21. Rac1 Nd4 22. a3 Rf8+ 23. Nf6 Be7 24. Ke1 Bxf6 25. Bxf6 Rdf7
26. Rf4 Nc6 27. Rxg4 Nxe5 28. Bxe5 Rf1+ 29. Kd2 R8f2+ 30. Ke3 Rxc1 31. Kxf2
Rc5 32. Bc3 h5 33. Rg7 Rf5+ 34. Ke3 b6 35. Re7 Kd8 36. Rxe6 Kd7 37. Rf6 Rxf6
38. Bxf6 Ke6 39. Bd8 c5 40. h3 Kf5 41. g4+ hxg4 42. hxg4+ Kxg4 43. Ke4 Kg3
44. Kd5 Kf3 45. b4 cxb4 46. axb4 Ke3 47. Kc4 Kd2 48. b5 Kc2 49. Bc7 Kb2 50.
Bb8 Ka3 51. Bxa7 Ka4 52. Bxb6 Ka3 53. Bc5+ {Black resigns} 1-0

[Event "ICC tourney 2148 (70 10)"]
[Site "Internet Chess Club"]
[Date "2020.11.22"]
[Round "4"]
[White "Krish11"]
[Black "EthanDember"]
[Result "0-1"]
[ICCResult "White checkmated"]
[WhiteElo "314"]
[BlackElo "1083"]
[Opening "Sicilian defense"]
[ECO "B30"]
[NIC "SI.31"]
[Time "12:38:19"]
[TimeControl "4200+10"]

1. e4 c5 2. Nf3 Nc6 3. Bc4 e6 4. d4 cxd4 5. Nxd4 Nf6 6. Nc3 d5 7. Bb5 Bd7 8.
Bf4 e5 9. Nxc6 bxc6 10. Bxe5 cxb5 11. Nxd5 Nxd5 12. Qxd5 Be6 13. Qxb5+ Qd7
14. Qa5 f6 15. Bf4 Be7 16. O-O O-O 17. Qh5 Bg4 18. Qh4 g5 19. Qg3 gxf4 20.
Qxf4 Bd6 21. Qh6 Qg7 22. Qe3 Rfc8 23. Rac1 Bc5 24. Qc3 Bxf2+ 25. Rxf2 Rxc3
26. bxc3 Rc8 27. Rd2 Qg5 28. Rcd1 Bxd1 29. Rxd1 Qe3+ 30. Kh1 Rc7 31. Rg1
Rxc3 32. h3 Qh6 33. a4 Rxh3+ 34. gxh3+ Kf7 35. Rg3 Qc1+ 36. Rg1 Qxc2 37. Rg2
Qxe4 38. Kh2 Qxa4 39. Rg1 Qb3 40. Rg2 a5 41. Rg3 Qc2+ 42. Rg2 Qxg2+ 43. Kxg2
a4 44. Kg3 a3 45. Kh4 a2 46. Kh5 a1=Q 47. h4 Qg1 48. Kh6 Qg6# {White
checkmated} 0-1

[Event "ICC tourney 2148 (70 10)"]
[Site "Internet Chess Club"]
[Date "2020.11.22"]
[Round "4"]
[White "KottertheOtter"]
[Black "aidanpatty"]
[Result "0-1"]
[ICCResult "White resigns"]
[WhiteElo "912"]
[BlackElo "1216"]
[Opening "Sicilian: Scheveningen, 6.f4"]
[ECO "B82"]
[NIC "SI.21"]
[Time "12:36:49"]
[TimeControl "4200+10"]

1. e4 c5 2. f4 e6 3. Nf3 d6 4. d4 cxd4 5. Nxd4 Nf6 6. Nc3 Nbd7 7. Bb5 a6 8.
Bc4 b5 9. Bd3 Bb7 10. O-O Be7 11. Nf3 Qb6+ 12. Kh1 Rc8 13. e5 Bxf3 14. Qxf3
dxe5 15. Be3 Qb8 16. a4 b4 17. Ne4 exf4 18. Bxf4 Qa8 19. Bd6 Qc6 20. Bxe7
Kxe7 21. Qf4 a5 22. Bb5 Qxe4 23. Qd2 Qxc2 24. Qd4 Rhd8 25. Rac1 Qxc1 26. Kg1
Qc5 27. Rd1 Qxd4+ 28. Rxd4 Ne5 29. Rf4 Nd3 30. Rf3 Rc1+ 31. Rf1 Rxf1+ 32.
Kxf1 Ne5 33. Ke2 Nd5 34. h4 f5 35. g3 h6 36. b3 Nc3+ 37. Kf2 Nxb5 38. axb5
Rb8 39. Ke3 Rxb5 {White resigns} 0-1

[Event "ICC tourney 2148 (70 10)"]
[Site "Internet Chess Club"]
[Date "2020.11.22"]
[Round "4"]
[White "LeoBerkson"]
[Black "MegaSprout"]
[Result "1-0"]
[ICCResult "Black resigns"]
[WhiteElo "1186"]
[BlackElo "1024"]
[Opening "Queen's pawn game"]
[ECO "D00"]
[NIC "QP.08"]
[Time "12:30:44"]
[TimeControl "4200+10"]

1. d4 d5 2. e3 e6 3. f4 Be7 4. Nf3 Nc6 5. Bd3 Nf6 6. O-O O-O 7. c3 a5 8. Ne5
Nxe5 9. fxe5 Ne4 10. Nd2 Nxd2 11. Bxd2 b6 12. e4 Ba6 13. Rf3 Bxd3 14. Rxd3
dxe4 15. Rh3 c5 16. Qh5 h6 17. Bxh6 g6 18. Rg3 Kh7 19. Qh3 Bh4 20. Bg5
{Black resigns}
1-0

[Event "ICC tourney 2148 (70 10)"]
[Site "Internet Chess Club"]
[Date "2020.11.22"]
[Round "4"]
[White "RomirIsCool"]
[Black "smalugu"]
[Result "1-0"]
[ICCResult "Black checkmated"]
[WhiteElo "156"]
[BlackElo "757"]
[Opening "Ruy Lopez: Berlin defense, Beverwijk variation"]
[ECO "C64"]
[NIC "RL.01"]
[Time "12:31:01"]
[TimeControl "4200+10"]

1. e4 e5 2. Nf3 Nc6 3. Bb5 Bc5 4. O-O Nf6 5. Re1 Ng4 6. Rf1 O-O 7. h3 Nxf2
8. Rxf2 Bxf2+ 9. Kxf2 d5 10. exd5 Qxd5 11. Nc3 Qc5+ 12. Kf1 a6 13. Ba4 Re8
14. Bb3 Be6 15. Bxe6 Rxe6 16. Ne4 Qc4+ 17. d3 Rd8 18. Nfg5 Rg6 19. Be3 Qb4
20. Qh5 h6 21. Nf3 Qxb2 22. Rc1 Qxa2 23. Nh4 Re6 24. Qg4 f5 25. Nxf5 Rf8 26.
Qxg7# {Black checkmated} 1-0

[Event "ICC tourney 2148 (70 10)"]
[Site "Internet Chess Club"]
[Date "2020.11.22"]
[Round "4"]
[White "RaphyL"]
[Black "dolphins4life"]
[Result "0-1"]
[ICCResult "White checkmated"]
[WhiteElo "1026"]
[BlackElo "815"]
[Opening "Giuoco Piano"]
[ECO "C50"]
[NIC "IG.02"]
[Time "12:30:53"]
[TimeControl "4200+10"]

1. e4 e5 2. Nf3 Nc6 3. Bc4 Bc5 4. O-O Nf6 5. Re1 d6 6. h3 Bd7 7. c3 O-O 8.
d4 Bb6 9. d5 Ne7 10. Be3 Ng6 11. Bxb6 axb6 12. Na3 Nf4 13. Bb5 c6 14. dxc6
bxc6 15. Qxd6 cxb5 16. Nxe5 Be6 17. Qxd8 Rfxd8 18. Nxb5 Rd2 19. Nc7 Rc8 20.
Nxe6 fxe6 21. b3 b5 22. c4 bxc4 23. Nxc4 Rc2 24. a4 Nd3 25. Rf1 Nxe4 26. a5
Nec5 27. a6 Nxb3 28. Ra3 R2xc4 29. a7 Ra8 30. Rb1 Rc1+ 31. Rxc1 Nbxc1 32.
Kf1 Kf7 33. Rc3 Rxa7 34. Rxd3 Nxd3 35. g3 Ra2 36. Kg1 Rxf2 37. h4 Kg6 38. g4
e5 39. h5+ Kg5 40. h6 gxh6 41. Kh1 e4 42. Kg1 e3 43. Kh1 e2 44. Kg1 e1=Q#
{White checkmated}
0-1

[Event "ICC tourney 2148 (70 10)"]
[Site "Internet Chess Club"]
[Date "2020.11.22"]
[Round "4"]
[White "Tanvi02"]
[Black "SimonDeng"]
[Result "0-1"]
[ICCResult "White checkmated"]
[WhiteElo "820"]
[BlackElo "1120"]
[Opening "French: Two knights variation"]
[ECO "C00"]
[NIC "FR.01"]
[Time "12:32:22"]
[TimeControl "4200+10"]

1. e4 e6 2. Nf3 d5 3. Nc3 d4 4. Ne2 c5 5. c3 Nc6 6. Qa4 d3 7. Nf4 b6 8. Ne5
Qc7 9. Qxc6+ Qxc6 10. Nxc6 Bd6 11. Nxd3 f6 12. e5 Bc7 13. exf6 gxf6 14. b4
Bb7 15. bxc5 Bxc6 16. cxb6 Bxb6 17. Nb4 Bb7 18. d4 e5 19. dxe5 fxe5 20. Bb5+
Kd8 21. Bg5+ Kc8 22. O-O a6 23. Be2 h6 24. Bg4+ Kc7 25. Rfe1 hxg5 26. Rxe5
Nf6 27. Rxg5 Rag8 28. Rxg8 Rxg8 29. Be6 Rxg2+ 30. Kf1 Rxf2+ 31. Ke1 Rxh2 32.
Rd1 Rh1+ 33. Kd2 Ne4+ 34. Kc2 Rh2+ 35. Kb3 Nc5+ 36. Ka3 Nxe6 37. Nd5+ Bxd5
38. Rxd5 Rh3 39. Kb4 Kc6 40. Rf5 Bc5+ 41. Ka5 Rxc3 42. Kxa6 Ra3#
{White checkmated}
0-1

[Event "ICC tourney 2148 (70 10)"]
[Site "Internet Chess Club"]
[Date "2020.11.22"]
[Round "4"]
[White "butik666"]
[Black "nocturnalplayz"]
[Result "1-0"]
[ICCResult "Black checkmated"]
[WhiteElo "727"]
[BlackElo "910"]
[Opening "Giuoco Piano"]
[ECO "C50"]
[NIC "IG.02"]
[Time "12:30:52"]
[TimeControl "4200+10"]

1. e4 e5 2. Nf3 Nc6 3. Bc4 Bc5 4. O-O Nf6 5. d3 h6 6. Nc3 O-O 7. Be3 Bxe3 8.
fxe3 Ng4 9. Qe2 Nf6 10. Rad1 d6 11. d4 exd4 12. exd4 Re8 13. Qd3 Bg4 14.
Rde1 Nb4 15. Qd2 Bxf3 16. Rxf3 d5 17. Bb3 Re7 18. Rg3 Kh7 19. a3 Nc6 20. Qd3
Kg8 21. Qf3 Nxd4 22. Qf4 Nxb3 23. Qxf6 g5 24. Qxh6 Re5 25. Rh3 Qf6 26. Qxf6
Kf8 27. Rh8# {Black checkmated} 1-0

[Event "ICC tourney 2148 (70 10)"]
[Site "Internet Chess Club"]
[Date "2020.11.22"]
[Round "4"]
[White "adichi"]
[Black "catcity"]
[Result "0-1"]
[ICCResult "White checkmated"]
[WhiteElo "919"]
[BlackElo "1277"]
[Opening "Queen's pawn, Mason variation, Steinitz counter-gambit"]
[ECO "D00"]
[NIC "QP.08"]
[Time "12:44:20"]
[TimeControl "4200+10"]

1. d4 d5 2. Bf4 c5 3. e3 Nc6 4. Nf3 Nf6 5. c3 Bg4 6. h3 Bh5 7. g4 Bg6 8. Qb3
Qb6 9. dxc5 Qxb3 10. axb3 e6 11. b4 Be4 12. Nbd2 Bg6 13. Nd4 Be7 14. Bb5 O-O
15. Bxc6 bxc6 16. Nxc6 Rfe8 17. Rxa7 Rxa7 18. Nxa7 Ra8 19. Nc6 Ra1+ 20. Ke2
Rxh1 21. Nxe7+ Kf8 22. Nxg6+ hxg6 23. Bd6+ Ke8 24. c6 Kd8 25. c7+ Kc8 26. b5
Ne8 27. Bg3 Nxc7 28. b6 Na8 29. c4 Nxb6 30. c5 Na4 31. b4 Rxh3 32. Bd6 Rh4
33. Nb3 Rxg4 34. Nd4 Kd7 35. b5 e5 36. Bxe5 Nxc5 37. Bxg7 Rg1 38. Bf8 Ne6
39. Nxe6 fxe6 40. Bc5 Kc7 41. Bd4 Rb1 42. b6+ Kc6 43. Kf3 e5 44. Bxe5 Rxb6
45. Bd4 Rb1 46. Kf4 Kd6 47. Kg5 Rg1+ 48. Kh4 Ke6 49. f4 Kf5 50. e4+ dxe4 51.
Bxg1 Kxf4 52. Kh3 g5 53. Kg2 g4 54. Kf1 Kf3 55. Ke1 g3 56. Kf1 e3 57. Bxe3
Kxe3 58. Kg2 Kf4 59. Kg1 Kf3 60. Kf1 Kg4 61. Kg2 Kh4 62. Kg1 Kh3 63. Kf1 Kh2
64. Ke2 g2 65. Ke3 g1=Q+ 66. Kf4 Qg3+ 67. Ke4 Kg2 68. Kf5 Qh4 69. Ke5 Qg4
70. Kf6 Qh5 71. Ke6 Qg5 72. Kf7 Qh6 73. Ke7 Qg6 74. Kd7 Qf6 75. Kc7 Qe6 76.
Kb7 Qd6 77. Ka7 Qb4 78. Ka6 Kf3 79. Ka7 Ke4 80. Ka8 Kd5 81. Ka7 Kc6 82. Ka8
Qb7# {White checkmated} 0-1

[Event "ICC tourney 2148 (70 10)"]
[Site "Internet Chess Club"]
[Date "2020.11.22"]
[Round "4"]
[White "Purpleshenice"]
[Black "CommanderWolffe"]
[Result "0-1"]
[ICCResult "White checkmated"]
[WhiteElo "803"]
[BlackElo "1123"]
[Opening "Queen's pawn game"]
[ECO "D00"]
[NIC "QP.07"]
[Time "12:30:34"]
[TimeControl "4200+10"]

1. d4 Nf6 2. Nc3 d5 3. Bf4 g6 4. Nb5 Na6 5. e3 Bg7 6. Bd3 O-O 7. Nh3 c6 8.
Nc3 Nb4 9. Qf3 Nxd3+ 10. cxd3 Bg4 11. Qg3 Qd7 12. Ng5 Nh5 13. Qh4 Bf6 14. f3
Be6 15. g4 h6 16. gxh5 Bxg5 17. Bxg5 hxg5 18. Qxg5 Bf5 19. O-O-O Kg7 20.
Rhg1 Qd6 21. e4 dxe4 22. Nxe4 Qe6 23. Nc5 Qd5 24. hxg6 f6 25. Qh5 Rh8 26.
Ne6+ Qxe6 27. Rde1 Qxe1+ 28. Rxe1 Rxh5 29. Rxe7+ Kxg6 30. Rxb7 Rxh2 31. Kb1
Re8 32. a3 Re1+ 33. Ka2 Be6+ 34. Rb3 Ree2 35. d5 Bxd5 36. a4 Rxb2+ 37. Ka3
Rxb3# {White checkmated} 0-1

[Event "ICC tourney 2148 (70 10)"]
[Site "Internet Chess Club"]
[Date "2020.11.22"]
[Round "4"]
[White "AlexRashkovan"]
[Black "Ojas2020"]
[Result "1-0"]
[ICCResult "Black resigns"]
[WhiteElo "859"]
[BlackElo "906"]
[Opening "Scotch gambit: Dubois-Réti defense"]
[ECO "C55"]
[NIC "KP.02"]
[Time "12:30:24"]
[TimeControl "4200+10"]

1. e4 e5 2. Nf3 Nc6 3. d4 exd4 4. Bc4 Nf6 5. e5 Qe7 6. O-O Ng8 7. Re1 Qc5 8.
Bb3 b6 9. Nxd4 Qxd4 10. Qf3 Qc5 11. Qxf7+ Kd8 12. Be3 Qe7 13. Bg5 Nf6 14.
Qxe7+ Bxe7 15. exf6 Bxf6 16. Bxf6+ gxf6 17. Nc3 Ba6 18. Nd5 Rf8 19. Re3 f5
20. Rae1 Kc8 21. Ne7+ Nxe7 22. Rxe7 d6 23. Be6+ Kd8 24. Rd7+ {Black resigns}
1-0

[Event "ICC tourney 2148 (70 10)"]
[Site "Internet Chess Club"]
[Date "2020.11.22"]
[Round "4"]
[White "Judtyr123"]
[Black "jorgestgo"]
[Result "1/2-1/2"]
[ICCResult "Game drawn because neither player has mating material"]
[WhiteElo "967"]
[BlackElo "112"]
[Opening "Réti: advance variation"]
[ECO "A09"]
[NIC "QP.09"]
[Time "12:32:27"]
[TimeControl "4200+10"]

1. Nf3 d5 2. c4 d4 3. d3 Nc6 4. Bf4 h6 5. Nbd2 a6 6. Ne4 Bf5 7. Ng3 Bg6 8.
Qb3 Rb8 9. Ne5 Nxe5 10. Bxe5 e6 11. Qa4+ b5 12. cxb5 axb5 13. Qxd4 Qxd4 14.
Bxd4 c6 15. a3 Ne7 16. Rc1 Rc8 17. e3 Nd5 18. e4 Nf4 19. Be5 Nh5 20. Nxh5
Bxh5 21. Be2 Bxe2 22. Kxe2 f6 23. Bd4 e5 24. Be3 Be7 25. Rc2 O-O 26. Rhc1
Rfd8 27. Rxc6 Rxc6 28. Rxc6 b4 29. Bc5 Bxc5 30. Rxc5 bxa3 31. bxa3 Ra8 32.
Rc3 Kf7 33. Kd2 Ke6 34. Rb3 Kd6 35. Rb7 Rxa3 36. Rxg7 Ra2+ 37. Ke3 Ke6 38.
Rh7 Ra1 39. Rxh6 Re1+ 40. Kd2 Rg1 41. Rg6 Kf7 42. Rg3 Rh1 43. h3 Rf1 44. Ke2
Ra1 45. Re3 Ra2+ 46. Kf3 Ke6 47. Kg4 Rxf2 48. Kg3 Ra2 49. h4 Kf7 50. h5 Kg7
51. Kg4 Rxg2+ 52. Rg3 Rd2 53. Rh3 Rf2 54. h6+ Kh7 55. Kh5 Rg2 56. Rf3 Rg5+
57. Kh4 Rg6 58. Rf5 Rxh6+ 59. Rh5 Kg6 60. Rxh6+ Kxh6 61. Kg3 Kg5 62. Kf3 Kh4
63. Ke3 Kg3 64. d4 exd4+ 65. Kxd4 Kf4 66. Kd5 Ke3 67. e5 fxe5 68. Kxe5
{Game drawn because neither player has mating material}
1/2-1/2

[Event "ICC tourney 2148 (70 10)"]
[Site "Internet Chess Club"]
[Date "2020.11.22"]
[Round "4"]
[White "JCJ2018"]
[Black "shawnchicken"]
[Result "1-0"]
[ICCResult "Black resigns"]
[WhiteElo "1065"]
[BlackElo "1273"]
[Opening "Ruy Lopez: Berlin defense"]
[ECO "C65"]
[NIC "RL.07"]
[Time "12:30:06"]
[TimeControl "4200+10"]

1. e4 e5 2. Nf3 Nc6 3. Bb5 Nf6 4. d3 Bc5 5. Nc3 d6 6. h3 O-O 7. Bg5 h6 8.
Bh4 Be6 9. O-O a6 10. Ba4 Nd4 11. Nxd4 Bxd4 12. Qf3 Kh8 13. Bxf6 gxf6 14.
Rab1 Rg8 15. Ne2 Ba7 16. c4 c6 17. Ng3 Rg6 18. Nf5 Qd7 19. Nh4 Rag8 20.
Nxg6+ Rxg6 21. Kh2 Bb8 22. a3 b5 23. Bc2 bxc4 24. dxc4 Bxc4 25. Rfe1 d5 26.
Qf5 Qxf5 27. exf5 Rg5 28. f4 e4 29. g3 Rg8 30. b3 Bd3 31. Bxd3 exd3 32. Rbd1
Bd6 33. b4 a5 34. bxa5 d2 35. Rxd2 Bxa3 36. Ra2 Bc5 37. Rc1 Bb4 38. a6 c5
39. a7 Ra8 40. Kg2 Kg8 41. Kf3 Kf8 42. Ke2 Ke7 43. Kd3 Kd6 44. Rcc2 c4+ 45.
Ke2 Bc5 46. Ra6+ Ke7 47. Rb2 {Black resigns} 1-0

[Event "ICC tourney 2148 (70 10)"]
[Site "Internet Chess Club"]
[Date "2020.11.22"]
[Round "4"]
[White "mgelgi"]
[Black "ADJ"]
[Result "0-1"]
[ICCResult "White checkmated"]
[WhiteElo "877"]
[BlackElo "884"]
[Opening "Owen defense"]
[ECO "B00"]
[NIC "VO.01"]
[Time "12:30:20"]
[TimeControl "4200+10"]

1. e4 b6 2. Nf3 Bb7 3. Nc3 g6 4. d4 Bg7 5. Be3 h6 6. Bd3 a6 7. Qd2 e6 8. d5
d6 9. dxe6 fxe6 10. Be2 Nd7 11. O-O-O Qe7 12. Rhe1 Nc5 13. Bd3 Nf6 14. Bf4
Nxd3+ 15. Qxd3 O-O-O 16. e5 dxe5 17. Qxg6 Rxd1+ 18. Rxd1 Bxf3 19. gxf3 exf4
20. Qd3 Kb7 21. Qd4 Rf8 22. Qxf4 Rd8 23. Rxd8 Qxd8 24. Ne4 Qd4 25. c3 Qd8
26. Nxf6 Qxf6 27. Qxf6 Bxf6 28. Kd2 c5 29. b3 Bg5+ 30. Kd3 Bf4 31. h4 Kc6
32. h5 b5 33. c4 b4 34. a4 bxa3 35. Kc3 Be5+ 36. Kc2 a2 37. f4 Bd4 38. Kd3
a1=Q 39. Ke4 Bxf2 40. f5 exf5+ 41. Kxf5 Qe1 42. Kg6 Be3 43. b4 cxb4 44. c5
Kxc5 45. Kh7 Bg5 46. Kh8 b3 47. Kh7 b2 48. Kg8 b1=Q 49. Kh8 Qb8+ 50. Kh7
Qe7+ 51. Kg6 Qb6+ 52. Kf5 Qbf6+ 53. Kg4 Qe4+ 54. Kg3 Qff3+ 55. Kh2 Qee2+ 56.
Kg1 Qff1# {White checkmated} 0-1

[Event "ICC tourney 2148 (70 10)"]
[Site "Internet Chess Club"]
[Date "2020.11.22"]
[Round "4"]
[White "DavidFantin"]
[Black "vivekanand"]
[Result "0-1"]
[ICCResult "White resigns"]
[WhiteElo "1002"]
[BlackElo "215"]
[Opening "English: symmetrical variation"]
[ECO "A37"]
[NIC "EO.28"]
[Time "12:30:27"]
[TimeControl "4200+10"]

1. c4 c5 2. Nc3 g6 3. g3 Bg7 4. Bg2 Nc6 5. Nf3 e6 6. e4 Nge7 7. d3 O-O 8.
Be3 d6 9. O-O Bd7 10. a3 a5 11. Rb1 Qb6 12. Nb5 Na7 13. a4 Nxb5 14. cxb5 Qc7
15. b3 b6 16. Rc1 Rac8 17. d4 Qb7 18. d5 exd5 19. exd5 Qxd5 20. Nh4 Qxd1 21.
Rfxd1 d5 22. Bxd5 Nxd5 23. Rxd5 Be6 24. Rd6 Bxb3 25. Rxb6 Bxa4 26. Bxc5 Rfe8
27. Ng2 Bf8 28. Be3 Rxc1+ 29. Bxc1 Bc5 30. Rb7 h5 31. Bd2 Ra8 32. Nf4 Bb3
33. Nd3 Bd4 34. Nc1 Be6 35. Ne2 Bc5 36. Nc3 a4 37. Rc7 Bb6 38. Rc6 Bd4 39.
Ne2 a3 40. Nxd4 a2 41. Bc3 a1=Q+ 42. Bxa1 Rxa1+ 43. Kg2 Bd5+ 44. f3 Bxc6 45.
bxc6 Rc1 46. h4 Kf8 47. Kh3 f6 48. Ne6+ Ke7 49. Nd4 Rh1+ 50. Kg2 Rc1 51. Kh3
Kd8 52. g4 Rh1+ 53. Kg2 Rxh4 54. Ne6+ Kc8 55. c7 hxg4 56. Kg3 Rh1 57. Kxg4
Rc1 58. f4 Rxc7 59. Nxc7 Kxc7 60. f5 g5 61. Kh5 Kd6 62. Kg4 Ke5 63. Kg3 Kxf5
{White resigns}
0-1

[Event "ICC tourney 2148 (70 10)"]
[Site "Internet Chess Club"]
[Date "2020.11.22"]
[Round "4"]
[White "UnkArjun"]
[Black "Jcscake"]
[Result "0-1"]
[ICCResult "White resigns"]
[WhiteElo "631"]
[BlackElo "1092"]
[Opening "Ruy Lopez: exchange variation"]
[ECO "C68"]
[NIC "RL.08"]
[Time "12:30:04"]
[TimeControl "4200+10"]

1. e4 e5 2. Nf3 Nc6 3. Bb5 a6 4. Bxc6 bxc6 5. Nc3 d6 6. d3 h6 7. O-O Bg4 8.
h3 Bh5 9. Be3 Nf6 10. a3 d5 11. exd5 cxd5 12. Re1 d4 13. Bxd4 Be7 14. Bxe5
O-O 15. Bxf6 Bxf6 16. Rb1 Rb8 17. Qe2 Qd6 18. Ne4 Qc6 19. Nxf6+ Qxf6 20. g4
Bg6 21. Ne5 Rfd8 22. Nxg6 fxg6 23. Qe6+ Qf7 24. Qxf7+ Kxf7 25. h4 Re8 26.
Rxe8 Kxe8 27. Re1+ Kd7 28. Rb1 Kd6 29. g5 hxg5 30. hxg5 Ke5 31. Re1+ Kf5 32.
Re7 Kxg5 33. Rxc7 Kh6 34. d4 Rxb2 35. d5 Rb1+ 36. Kg2 Rd1 37. Ra7 Rxd5 38.
Rxa6 Rc5 39. a4 Rxc2 40. Ra8 Ra2 41. a5 Kg5 42. a6 Kg4 43. a7 g5 44. Kf1 g6
45. Kg2 Ra3 46. f3+ Rxf3 47. Rg8 Rg3+ 48. Kf2 Rf3+ 49. Ke2 Kg3 50. a8=Q Rf2+
51. Kd3 Rf3+ 52. Ke4 Rf4+ 53. Ke5 Rf5+ 54. Ke6 Kf4 55. Qa4+ Kg3 56. Rxg6 Rf4
57. Rf6 Rxa4 58. Kf5 g4 59. Rg6 Rf4+ 60. Kg5 Rf1 {White resigns} 0-1

[Event "ICC tourney 2148 (70 10)"]
[Site "Internet Chess Club"]
[Date "2020.11.22"]
[Round "4"]
[White "DungBeetle"]
[Black "AwesomeWarrior"]
[Result "1-0"]
[ICCResult "Black checkmated"]
[WhiteElo "1159"]
[BlackElo "950"]
[Opening "Scotch opening"]
[ECO "C44"]
[NIC "KP.10"]
[Time "12:31:12"]
[TimeControl "4200+10"]

1. e4 e5 2. Nf3 Nc6 3. d4 d6 4. dxe5 dxe5 5. Qxd8+ Kxd8 6. Bc4 Ke8 7. Nc3
Bg4 8. Bd2 Bxf3 9. gxf3 Nd4 10. O-O-O Nxf3 11. Nb5 Rc8 12. Nxa7 Rd8 13. Bb5+
c6 14. Nxc6 bxc6 15. Bxc6+ Ke7 16. Bb4+ Kf6 17. Rxd8 Bxb4 18. c3 Be7 19. Rd3
Ng5 20. a4 Nh6 21. Kc2 Rc8 22. Bb7 Rb8 23. Bd5 Ne6 24. a5 Nf4 25. Rf3 g5 26.
b4 Bd8 27. Ra1 g4 28. Rg3 Nxd5 29. exd5 Bc7 30. a6 Ra8 31. b5 Bb6 32. h3 Rg8
33. a7 Ra8 34. Ra6 Rxa7 35. Rxb6+ Kg7 36. hxg4 Ra2+ 37. Kd3 Rxf2 38. d6 Rf6
39. d7 Rxb6 40. d8=Q Rg6 41. b6 Nxg4 42. b7 Nf2+ 43. Ke2 Rxg3 44. Kxf2 Rf3+
45. Kxf3 e4+ 46. Kxe4 f5+ 47. Kxf5 h6 48. Qf6+ Kg8 49. Kg6 h5 50. b8=Q#
{Black checkmated}
1-0

[Event "ICC tourney 2148 (70 10)"]
[Site "Internet Chess Club"]
[Date "2020.11.22"]
[Round "4"]
[White "AshikaN"]
[Black "PeterT"]
[Result "1-0"]
[ICCResult "Black checkmated"]
[WhiteElo "885"]
[BlackElo "427"]
[Opening "Giuoco Pianissimo: Canal variation"]
[ECO "C50"]
[NIC "IG.02"]
[Time "12:53:58"]
[TimeControl "4200+10"]

1. e4 e5 2. Nf3 Nc6 3. Bc4 Bc5 4. Nc3 Nf6 5. d3 d6 6. Bg5 h6 7. Bd2 Bg4 8.
h3 Bd7 9. a3 a6 10. b4 Ba7 11. O-O Qe7 12. Qe2 O-O 13. a4 Nxb4 14. Be3 Bxe3
15. fxe3 b5 16. axb5 axb5 17. Nxb5 Bxb5 18. Bxb5 Rfb8 19. c3 Na2 20. Rxa2
Rxa2 21. Qxa2 Qd8 22. Ra1 Nd7 23. Bxd7 Qxd7 24. d4 Qc8 25. dxe5 dxe5 26.
Nxe5 Qe8 27. Qd5 Rb5 28. Ra8 Rxd5 29. Rxe8+ Kh7 30. exd5 f6 31. Nc4 f5 32.
Re7 Kg6 33. Rxc7 Kf6 34. d6 Ke6 35. d7 Ke7 36. Nb6 Kd8 37. Rc8+ Ke7 38.
d8=Q+ Ke6 39. Rc6+ Ke5 40. Qd4# {Black checkmated} 1-0

[Event "ICC tourney 2148 (70 10)"]
[Site "Internet Chess Club"]
[Date "2020.11.22"]
[Round "4"]
[White "Popularmmose"]
[Black "yesiwillbeatyou"]
[Result "1-0"]
[ICCResult "Black resigns"]
[WhiteElo "1051"]
[BlackElo "212"]
[Opening "KGD: Falkbeer counter-gambit"]
[ECO "C31"]
[NIC "KG.04"]
[Time "12:30:15"]
[TimeControl "4200+10"]

1. e4 e5 2. f4 d5 3. exd5 Qxd5 4. Nc3 Qe6 5. Qe2 exf4 6. Qxe6+ fxe6 7. Nf3
Nf6 8. Bc4 Nc6 9. d4 Bd6 10. Bd2 O-O 11. O-O-O Bd7 12. Rhe1 Ng4 13. Re2 Nxh2
14. Nxh2 Nxd4 15. Rf2 b5 16. Bb3 Nxb3+ 17. axb3 Rab8 18. Ne4 Rb6 19. Nxd6
cxd6 20. Rxf4 Ra6 21. Rxf8+ Kxf8 22. Kb1 Ke7 23. Nf3 h6 24. Bc3 g5 25. Bg7
g4 26. Nh4 h5 27. g3 Bc6 28. Rd2 Be4 29. Ng2 Kf7 30. Bc3 Rb6 31. b4 d5 32.
Nf4 Bg6 33. Rh2 h4 34. gxh4 {Black resigns} 1-0

[Event "ICC tourney 2148 (70 10)"]
[Site "Internet Chess Club"]
[Date "2020.11.22"]
[Round "4"]
[White "Onestepahead9"]
[Black "ishirlakhani"]
[Result "0-1"]
[ICCResult "White checkmated"]
[WhiteElo "710"]
[BlackElo "1011"]
[Opening "Sicilian: Hungarian variation"]
[ECO "B27"]
[NIC "SI.43"]
[Time "12:30:07"]
[TimeControl "4200+10"]

1. e4 c5 2. Nf3 g6 3. d4 cxd4 4. Nxd4 Bg7 5. Bc4 Nc6 6. Nxc6 bxc6 7. Qf3 e6
8. Nc3 d5 9. exd5 cxd5 10. Bd2 Rb8 11. Bb3 Nf6 12. O-O-O O-O 13. Bf4 Ra8 14.
Bc4 Qe7 15. Nb5 Ba6 16. Bd6 Qb7 17. Bxf8 Bxf8 18. Qxf6 Bxb5 19. Bxb5 Qxb5
20. h4 Bg7 21. a4 Qb4 22. c3 Qxa4 23. Qg5 Rb8 24. Qg3 Qa1+ 25. Kd2 Qxb2+ 26.
Ke1 Bxc3+ 27. Kf1 Qb5+ 28. Kg1 Qb3 29. Rc1 Rc8 30. Rh3 d4 31. Qd3 Rb8 32. h5
Qb2 33. Rf1 a5 34. hxg6 fxg6 35. Qe4 Qb6 36. Qh4 Qb7 37. Qg4 Qb6 38. Qg5 Qb7
39. f4 a4 40. f5 exf5 41. Rxf5 Qb1+ 42. Kh2 Qxf5 43. Qe7 Qf7 44. Qd6 Qf8 45.
Qe6+ Qf7 46. Qd6 Rb7 47. Rf3 Qc7 48. Rf8+ Kg7 49. Qxc7+ Rxc7 50. Ra8 Rc4 51.
Ra7+ Kh6 52. g4 d3 53. Kh3 d2 54. Rd7 Rd4 55. g5+ Kxg5 56. Rxh7 d1=Q 57.
Rh5+ Qxh5+ 58. Kg2 Qe2+ 59. Kg1 Rd1# {White checkmated} 0-1

[Event "ICC tourney 2148 (70 10)"]
[Site "Internet Chess Club"]
[Date "2020.11.22"]
[Round "4"]
[White "Fresjavacado"]
[Black "jrcrawford512"]
[Result "0-1"]
[ICCResult "White checkmated"]
[WhiteElo "696"]
[BlackElo "1035"]
[Opening "Giuoco Piano: Greco's attack"]
[ECO "C54"]
[NIC "IG.02"]
[Time "12:30:26"]
[TimeControl "4200+10"]

1. e4 e5 2. Nf3 Nc6 3. Bc4 Bc5 4. c3 Nf6 5. d4 exd4 6. cxd4 Bb4+ 7. Nc3 O-O
8. O-O Bxc3 9. bxc3 Nxe4 10. Qd3 d5 11. Bb5 Bf5 12. Ng5 Nxg5 13. Qxf5 Ne4
14. Re1 Ne7 15. Qg4 c6 16. Bh6 Ng6 17. Bc1 cxb5 18. Ba3 Re8 19. f3 Nxc3 20.
Rf1 Qa5 21. Bd6 Rad8 22. Rae1 Ne2+ 23. Kf2 Qd2 24. Be5 Nxe5 25. dxe5 Rxe5
26. f4 Qe3# {White checkmated} 0-1

[Event "ICC tourney 2148 (70 10)"]
[Site "Internet Chess Club"]
[Date "2020.11.22"]
[Round "4"]
[White "wanderingeigeas"]
[Black "jonathanxu"]
[Result "1-0"]
[ICCResult "Black resigns"]
[WhiteElo "1171"]
[BlackElo "586"]
[Opening "Giuoco Pianissimo: Italian four knights variation"]
[ECO "C47"]
[NIC "RG.01"]
[Time "12:32:27"]
[TimeControl "4200+10"]

1. e4 e5 2. Nf3 Nf6 3. Nc3 Nc6 4. Bc4 Bc5 5. d3 O-O 6. O-O d6 7. Bg5 h6 8.
Bxf6 Qxf6 9. Nd5 Qd8 10. a3 Nd4 11. Nxd4 Bxd4 12. c3 Bc5 13. b4 Bb6 14. Qf3
c6 15. Nxb6 axb6 16. Rfd1 Qg5 17. Qe3 Qf6 18. d4 Be6 19. d5 cxd5 20. Bxd5
Bxd5 21. Rxd5 Rac8 22. Rad1 Rc6 23. b5 Rc4 24. Rxd6 Qe7 25. Qd3 Rfc8 26.
Rd8+ Rxd8 27. Qxd8+ Qxd8 28. Rxd8+ Kh7 29. Rd3 Rxe4 30. f3 Ra4 31. Kf2 Rxa3
32. Ke3 f6 33. g4 g5 34. Ke4 Rb3 35. Kf5 Kg7 36. Rd7+ Kg8 37. Kg6 Kf8 38.
Kxf6 Ke8 39. Rxb7 Rxb5 40. Re7+ Kd8 41. Rxe5 Rb3 42. Re3 Kd7 43. Kg6 Rb2 44.
Kxh6 Rxh2+ 45. Kxg5 Rb2 46. f4 Kd6 47. f5 Kd5 48. f6 Kc4 49. f7 Rf2 50. Kg6
b5 51. Kg7 b4 52. cxb4 Kxb4 53. f8=Q+ Rxf8 54. Kxf8 Kc5 55. Ke7 Kd4 56. Re6
Kd5 57. Kd7 Kc5 58. g5 Kd5 59. g6 Kc5 60. g7 Kd5 61. g8=Q Kc5 62. Qg5+ Kc4
63. Re4+ Kc3 64. Qg3+ Kc2 65. Re2+ {Black resigns} 1-0